 Dungeon Crawl Stone Soup version 0.31-a0-640-g39d97e502b (webtiles) character file.

Game seed: 1080242312710380789

67 qw the Shooter (level 4, -9/27 HPs)
             Began as a Gargoyle Hunter on Aug 27, 2023.
             Killed from afar by an orc wizard (12 damage)
             ... with a puff of flame
             ... on level 3 of the Dungeon.
             The game lasted 00:00:30 (1522 turns).

qw the Shooter (Gargoyle Hunter)                    Turns: 1522, Time: 00:00:31

Health: -9/27      AC:  8    Str: 21    XL:     4   Next: 16%
Magic:  4/4        EV: 11    Int:  9    God:
Gold:   114        SH:  0    Dex: 15    Spells: 3/3 levels left

rFire   . . .        Y - +0 shortbow
rCold   . . .        (shield currently unavailable)
rNeg    + . .        d - +0 ring mail
rPois   inf          (no helmet)
rElec   +            (no cloak)
rCorr   .            (no gloves)
SInv    .            (no boots)
Will    .....        (no amulet)
Stlth   +            j - +6 ring of strength
HPRegen 0.24/turn    (no ring)
MPRegen 0.09/turn

%: no passive effects
@: no status effects
A: sickness immunity, AC +3, negative energy resistance 1, electricity
resistance, torment resistance 1, petrification resistance
a: no special abilities


You were on level 3 of the Dungeon.
You visited 1 branch of the dungeon, and saw 3 of its levels.

You collected 114 gold pieces.


Innate Abilities, Weirdness & Mutations

You are immune to sickness and miasma.
Your stone body is resilient. (AC +3)
You are immune to poison.
You resist negative energy. (rN+)
You are resistant to electric shocks. (rElec)
You are resistant to unholy torment.
You are immune to petrification.


   Skills:
 + Level 2.4 Fighting
 - Level 5.3 Ranged Weapons
 - Level 1.0 Armour
 - Level 1.5 Dodging
 - Level 1.1 Stealth


You had 3 spell levels left.
You didn't know any spells.
Your spell library was empty.

Inventory:

Hand Weapons
 Y - a +0 shortbow (weapon)
Armour
 d - a +0 ring mail (worn)
Jewellery
 j - a +6 ring of strength (left hand)
Potions
 c - a potion of enlightenment {unknown}
 e - a potion of might {unknown}
 f - a potion of curing {unknown}
 g - a potion of degeneration {unknown}
 h - a potion of heal wounds {unknown}
 k - a potion of haste

Dungeon Overview and Level Annotations

Branches:
Dungeon (3/15)

Altars:

Shops:
D:2 (


Message History

The arrow hits the orc.
The orc is heavily wounded.
The orc wizard hits you but does no damage.
You shoot an arrow.
The arrow hits the orc wizard but does no damage.
The orc wizard is heavily wounded.
The orc wizard hits you with a +0 dagger.
The orc priest calls upon Beogh to heal the orc wizard.
The orc wizard is healed somewhat.
The orc wizard hits you but does no damage.
You shoot an arrow.
The arrow closely misses the orc wizard.
The orc priest calls upon Beogh to heal the orc wizard.
The orc wizard's wounds heal themselves!
The orc wizard gestures at you while chanting.
The magic dart hits you but does no damage.
You shoot an arrow.
The arrow hits the orc wizard but does no damage.
The orc priest invokes the aid of Beogh against you.
Beogh smites you!
The orc wizard hits you with a +0 dagger.
You shoot an arrow. The arrow hits the orc wizard.
The orc wizard is moderately wounded.
The orc wizard hits you with a +0 dagger.
You shoot an arrow. The arrow hits the orc wizard.
The orc wizard is heavily wounded.
The orc wizard hits you but does no damage.
You shoot an arrow. The arrow hits the orc wizard.
The orc wizard is almost dead.
The orc wizard mumbles some strange words.
The orc wizard flickers and vanishes!
You hear some strange, mumbled words. x2
A magic dart appears from out of thin air!
The magic dart hits you.
You shoot an arrow. The arrow hits the orc.
You kill the orc!
You hear some strange, mumbled words.
A puff of flame appears from out of thin air!
The puff of flame hits you!
You die...

#.......(....# #....
#..########..# .#..
#.....# #..# ...#
#.###.# #..# #..# #.#
#.# #..# #..# #.# #.##
#..# #..# #.# #..# #..#
#..# #.# ##.#
#..####..#### #. #@#
#..#.........
#{####..#.##..####
#$...o{).>.....##..####
###o#..#####...........
# #..# ######..####
#..# #..# # ...#
##..#### .#.#
###....... ..#.#
#.....###.


You could see an orc priest.

Vanquished Creatures
  An iguana (D:2)
  An adder (D:2)
  A worm (D:2)
  2 orcs (D:3)
  A bat (D:1)
  4 endoplasms
  5 goblins
  4 hobgoblins (D:1)
  A quokka (D:1)
  A ball python (D:1)
  2 kobolds
  4 rats
27 creatures vanquished.

Notes
Turn   | Place    | Note
-------+----------+-------------------------------------------
     0 | D:1      | qw the Gargoyle Hunter began the quest for the Orb.
     0 | D:1      | Reached XP level 1. HP: 12/12 MP: 1/1
     0 | D:1      | 0 ||| qw: Version: 0.3-a-74-g0d5e918
     0 | D:1      | 0 ||| qw: Game counter: 152
     0 | D:1      | 0 ||| qw: Melee chars always use a shield: true
     0 | D:1      | 0 ||| qw: God list: Okawaru
     0 | D:1      | 0 ||| qw: Allow faded altars: false
     0 | D:1      | 0 ||| qw: Do Orc after clearing Dungeon:15 true
     0 | D:1      | 0 ||| qw: Do second Lair branch before Depths: true
     0 | D:1      | 0 ||| qw: Lair rune preference: random
     0 | D:1      | 0 ||| qw: Goals: Normal
     0 | D:1      | 0 ||| PLANNING D:1-11
   238 | D:1      | Reached XP level 2. HP: 17/17 MP: 2/2
   562 | D:1      | 562 ||| UPGRADING to +0 ring mail.
   572 | D:1      | 572 ||| DROPPING +0 leather armour.
   573 | D:1      | 573 ||| UPGRADING to +6 ring of strength.
   574 | D:1      | 574 ||| READING scroll labelled ROXZAX ADEPEWI.
   575 | D:1      | 575 ||| DROPPING scroll of butterflies.
   747 | D:2      | Reached skill level 1 in Armour
   782 | D:2      | Reached XP level 3. HP: 21/21 MP: 3/3
   926 | D:2      | Reached skill level 5 in Ranged Weapons
   926 | D:2      | Reached XP level 4. HP: 17/26 MP: 4/4
  1124 | D:2      | Found Weiloif's Antique Weapon Boutique.
  1288 | D:2      | 1288 ||| READING scroll labelled ZUHAST URHOTH.
  1389 | D:2      | 1389 ||| READING scroll labelled APUZXY XOZI.
  1390 | D:2      | 1390 ||| READING scroll labelled PITWA ZUMOYNOE.
  1391 | D:2      | 1391 ||| READING scroll labelled ERAVOOJUST.
  1392 | D:2      | 1392 ||| DRINKING 2 viscous sapphire potions.
  1502 | D:3      | 1502 ||| RETREATING.
  1505 | D:3      | 1505 ||| RETREATING.
  1508 | D:3      | 1508 ||| RETREATING.
  1510 | D:3      | 1510 ||| Stepping ~*~*~tactically~*~*~ (retreating).
  1521 | D:3      | HP: 3/27 [something/magic dart (6)]
  1522 | D:3      | Killed from afar by an orc wizard

Levels and vault maps discovered:
D:1:      dpeg_arrival_long_road, layout_loops_cross
D:2:      layout_loops_ring, serial_shops, nicolae_shop_crystal
D:3:      layout_loops_ring

Skill      XL: |  1  2  3 |
---------------+----------+-----
Armour         | 1 |  1.0
Ranged Weapons | 5 |  5.3
Fighting       | |  2.4
Dodging        | |  1.5
Stealth        | |  1.1

Action                     |  1- 3 |  4- 6 || total
---------------------------+-------+-------++-------
   Fire: Shortbow          |    79 |    28 ||   107
    Use: Scroll            |     1 |     4 ||     5
         Potion            |       |     1 ||     1
 Armour: Leather armour    |     6 |       ||     6
         Ring mail         |     5 |     5 ||    10
  Dodge: Dodged            |    14 |     6 ||    20

Table legend:
 A = Non-vault XP
 B = Vault XP
 C = Vault XP percentage of total XP
 D = Non-vault monster count
 E = Vault monster count
 F = Vault count percentage of total count
                 A         B        C        D         E       F
            +---------+---------+-------+---------+---------+-------
      Total |      99 |       0 |   0.0 |      27 |       0 |   0.0
            +---------+---------+-------+---------+---------+-------
        D:1 |      24 |       0 |   0.0 |      14 |       0 |   0.0
        D:2 |      65 |       0 |   0.0 |       9 |       0 |   0.0
        D:3 |      10 |       0 |   0.0 |       4 |       0 |   0.0
            +---------+---------+-------+---------+---------+-------
